HSSL
SPANISH FORK HS @ BUTLER HS GOLDEN TORNADO
04/01/2023
 
TOP OF THE 1ST
Spanish Fork HS batting - Pitching for Butler HS Golden Tornado : RHP Colin Younger
Pitching: RHP Colin Younger
Batting: RHB Javier Ortíz 0-0: Called Strike
0-1: Ground out 6-3 (Groundball, 6M)
Batting: RHB Steve Meyers 0-0: Ball
1-0: Ball
2-0: SINGLE (Groundball, 3)
Batting: LHB Geoffrey Bird 0-0: Called Strike
0-1: Ball
1-1: Swinging Strike
1-2: Strikes out swinging
Batting: LHB Zack Payton 0-0: Ball
1-0: Called Strike
1-1: Called Strike
1-2: Ball
2-2: Ball
3-2: Strikes out looking
Top of the 1st over - 0 run(s), 1 hit(s), 0 error(s), 1 left on base; Spanish Fork HS 0 - Butler HS 0
BOTTOM OF THE 1ST
Butler HS Golden Tornado batting - Pitching for Spanish Fork HS : RHP Armando Alvarado
Pitching: RHP Armando Alvarado
Batting: LHB Jon Rogers 0-0: Ball
1-0: Called Strike
1-1: Called Strike
1-2: Ball
2-2: Foul Ball, location: 2F
2-2: Strikes out swinging
Batting: LHB Joe Baker 0-0: Called Strike
0-1: Ball
1-1: Foul Ball, location: 2F
1-2: Ball
2-2: DOUBLE (Flyball, 9LM)
Batting: RHB Rafael Barajas 0-0: Ball
1-0: Ball
2-0: Ball
3-0: Called Strike
3-1: Foul Ball, location: 2F
3-2: Base on Balls
Batting: LHB Jérémie Rivard 0-0: Called Strike
0-1: Ball
1-1: Called Strike
1-2: Strikes out swinging
Batting: RHB Derek Scott 0-0: Ball
1-0: Ball
2-0: Ball
3-0: Base on Balls
Joe Baker to third
Rafael Barajas to second
Batting: SHB Bruce MacPherson 0-0: Ball
1-0: Called Strike
1-1: Ball
2-1: SINGLE (Line Drive, 7S)
Joe Baker scores
Rafael Barajas to third
Derek Scott to second
Batting: RHB Christian Nash 0-0: SINGLE (Line Drive, 6MD)
Rafael Barajas scores
Derek Scott to third
Bruce MacPherson to second
Batting: LHB Dave Reynolds 0-0: Ball
1-0: Ball
2-0: Foul Ball, location: 2F
2-1: Foul Ball, location: 2F
2-2: Ball
3-2: Foul Ball, location: 2F
3-2: Fly out, F7 (Flyball, 78M)
Bottom of the 1st over - 2 run(s), 3 hit(s), 0 error(s), 3 left on base; Spanish Fork HS 0 - Butler HS 2
TOP OF THE 2ND
Spanish Fork HS batting - Pitching for Butler HS Golden Tornado : RHP Colin Younger
Batting: SHB Rafael Acosta 0-0: Called Strike
0-1: Called Strike
0-2: Ball
1-2: Foul Ball, location: 2F
1-2: Ball
2-2: Foul Ball, location: 2F
2-2: Ball
3-2: Strikes out swinging
Batting: LHB Victor Stuart 0-0: Called Strike
0-1: Foul Ball, location: 2F
0-2: Foul Ball, location: 2F
0-2: Foul Ball, location: 2F
0-2: Ball
1-2: Strikes out swinging
Batting: LHB Mal Jiménez 0-0: Ground out 4-3 (Groundball, 4)
Top of the 2nd over - 0 run(s), 0 hit(s), 0 error(s), 0 left on base; Spanish Fork HS 0 - Butler HS 2
BOTTOM OF THE 2ND
Butler HS Golden Tornado batting - Pitching for Spanish Fork HS : RHP Armando Alvarado
Batting: RHB Jimmy Myers 0-0: Called Strike
0-1: SINGLE (Groundball, 6MD)
Batting: LHB Jon Rogers 0-0: Fly out, F8 (Flyball, 8LM)
Batting: LHB Joe Baker 0-0: Fielders Choice at 2nd, 5-4 (Groundball, 56)
Batting: RHB Rafael Barajas 0-0: Ball
1-0: Fly out, F7 (Line Drive, 7M)
Bottom of the 2nd over - 0 run(s), 1 hit(s), 0 error(s), 1 left on base; Spanish Fork HS 0 - Butler HS 2
TOP OF THE 3RD
Spanish Fork HS batting - Pitching for Butler HS Golden Tornado : RHP Colin Younger
Batting: RHB Mark Whiffen 0-0: Called Strike
0-1: Foul Ball, location: 2F
0-2: Strikes out looking
Batting: RHB Ray Hernández 0-0: Ground out 2-3 (Groundball, 23)
Batting: RHB Javier Ortíz 0-0: Called Strike
0-1: Ground out 6-3 (Groundball, 6M)
Top of the 3rd over - 0 run(s), 0 hit(s), 0 error(s), 0 left on base; Spanish Fork HS 0 - Butler HS 2
BOTTOM OF THE 3RD
Butler HS Golden Tornado batting - Pitching for Spanish Fork HS : RHP Armando Alvarado
Batting: LHB Jérémie Rivard 0-0: Ball
1-0: Called Strike
1-1: Fly out, F8 (Flyball, 78D)
Batting: RHB Derek Scott 0-0: Fly out, F8 (Flyball, 8LD)
Batting: SHB Bruce MacPherson 0-0: Ball
1-0: Ball
2-0: Foul Ball, location: 2F
2-1: Foul Ball, location: 2F
2-2: Strikes out swinging
Bottom of the 3rd over - 0 run(s), 0 hit(s), 0 error(s), 0 left on base; Spanish Fork HS 0 - Butler HS 2
TOP OF THE 4TH
Spanish Fork HS batting - Pitching for Butler HS Golden Tornado : RHP Colin Younger
Batting: RHB Steve Meyers 0-0: Swinging Strike
0-1: Swinging Strike
0-2: Ball
1-2: Strikes out swinging
Batting: LHB Geoffrey Bird 0-0: Ball
1-0: Ball
2-0: Called Strike
2-1: Ball
3-1: Called Strike
3-2: Strikes out swinging
Batting: LHB Zack Payton 0-0: Called Strike
0-1: Called Strike
0-2: Foul Ball, location: 2F
0-2: Ball
1-2: Foul Ball, location: 2F
1-2: Foul Ball, location: 2F
1-2: Foul Ball, location: 2F
1-2: SINGLE (Line Drive, 89S)
Batting: SHB Rafael Acosta 0-0: Called Strike
0-1: Called Strike
0-2: Ball
1-2: Ball
2-2: Foul Ball, location: 2F
2-2: Strikes out looking
Top of the 4th over - 0 run(s), 1 hit(s), 0 error(s), 1 left on base; Spanish Fork HS 0 - Butler HS 2
BOTTOM OF THE 4TH
Butler HS Golden Tornado batting - Pitching for Spanish Fork HS : RHP Armando Alvarado
Batting: RHB Christian Nash 0-0: Ball
1-0: Called Strike
1-1: Ball
2-1: Swinging Strike
2-2: Ball
3-2: Foul Ball, location: 2F
3-2: SINGLE (Line Drive, 6D)
Batting: LHB Dave Reynolds 0-0: Called Strike
0-1: Ball
1-1: Called Strike
1-2: Foul Ball, location: 2F
1-2: 2-RUN HOME RUN (Flyball, 9LD), Distance : 367 ft
Batting: RHB Jimmy Myers 0-0: Swinging Strike
0-1: SOLO HOME RUN (Flyball, 78XD), Distance : 429 ft
Batting: LHB Jon Rogers 0-0: Foul Ball, location: 2F
0-1: Fly out, F7 (Flyball, 7LM)
Batting: LHB Joe Baker 0-0: Called Strike
0-1: Foul Ball, location: 2F
0-2: Ball
1-2: SINGLE (Groundball, 56D)
Batting: RHB Rafael Barajas 0-0: Ball
1-0: Ball
2-0: Ball
3-0: Called Strike
3-1: Swinging Strike
3-2: SINGLE (Groundball, 4D)
Joe Baker to second
Joe Baker to third
Batting: LHB Jérémie Rivard 0-0: Called Strike
0-1: Ball
1-1: Foul Ball, location: 2F
1-2: Fly out, F7 (Line Drive, 78M)
Runner from 3rd tags up, SCORES, no throw
Pitching: RHP Mike Fisher
Batting: RHB Derek Scott 0-0: Foul Ball, location: 2F
0-1: Swinging Strike
0-2: Ball
1-2: Foul Ball, location: 2F
1-2: Strikes out swinging
Bottom of the 4th over - 4 run(s), 5 hit(s), 0 error(s), 1 left on base; Spanish Fork HS 0 - Butler HS 6
TOP OF THE 5TH
Spanish Fork HS batting - Pitching for Butler HS Golden Tornado : RHP Colin Younger
Batting: LHB Victor Stuart 0-0: Foul Ball, location: 2F
0-1: Called Strike
0-2: Foul Ball, location: 2F
0-2: Strikes out swinging
Batting: LHB Mal Jiménez 0-0: Called Strike
0-1: Reached on error, E6 (Groundball, 6)
Batting: RHB Mark Whiffen 0-0: Called Strike
0-1: Ball
1-1: DOUBLE (Line Drive, 5D)
Mal Jiménez scores
Batting: RHB Ray Hernández 0-0: Called Strike
0-1: Ball
1-1: Swinging Strike
1-2: Ball
2-2: Strikes out swinging
Batting: RHB Javier Ortíz 0-0: Called Strike
0-1: Ball
1-1: Called Strike
1-2: Foul Ball, location: 2F
1-2: Ball
2-2: Foul Ball, location: 2F
2-2: Foul Ball, location: 2F
2-2: Foul Ball, location: 2F
2-2: Ball
3-2: Fly out, F8 (Flyball, 8LM)
Top of the 5th over - 1 run(s), 1 hit(s), 1 error(s), 1 left on base; Spanish Fork HS 1 - Butler HS 6
BOTTOM OF THE 5TH
Butler HS Golden Tornado batting - Pitching for Spanish Fork HS : RHP Mike Fisher
Batting: SHB Bruce MacPherson 0-0: Foul Ball, location: 2F
0-1: Ball
1-1: Ball
2-1: Foul Ball, location: 2F
2-2: Foul Ball, location: 2F
2-2: Foul Ball, location: 2F
2-2: Fly out, F6 (Popup, 56D)
Batting: RHB Christian Nash 0-0: Ball
1-0: Called Strike
1-1: Ground out 5-3 (Groundball, 5)
Batting: LHB Dave Reynolds 0-0: Ball
1-0: Ball
2-0: Ball
3-0: Called Strike
3-1: Called Strike
3-2: Strikes out swinging
Bottom of the 5th over - 0 run(s), 0 hit(s), 0 error(s), 0 left on base; Spanish Fork HS 1 - Butler HS 6
TOP OF THE 6TH
Spanish Fork HS batting - Pitching for Butler HS Golden Tornado : RHP Colin Younger
Pitching: RHP Alex Swain
Batting: RHB Steve Meyers 0-0: Foul Ball, location: 2F
0-1: Ball
1-1: Ground out 4-3 (Groundball, 4)
Batting: LHB Geoffrey Bird 0-0: Ball
1-0: Foul Ball, location: 2F
1-1: Ball
2-1: Foul Ball, location: 2F
2-2: Ground out U3 (Groundball, 3L)
Batting: LHB Zack Payton 0-0: Ball
1-0: Called Strike
1-1: Ball
2-1: Foul Ball, location: 2F
2-2: Foul Ball, location: 2F
2-2: Ball
3-2: Reached on error, E6 (Groundball, 6)
Batting: SHB Rafael Acosta Balk!
Zack Payton to second
0-0: Ball
1-0: 2-RUN HOME RUN (Line Drive, 9D), Distance : 416 ft
Batting: LHB Victor Stuart 0-0: Ball
1-0: Foul Ball, location: 2F
1-1: SOLO HOME RUN (Flyball, 9D), Distance : 421 ft
Batting: LHB Mal Jiménez 0-0: Called Strike
0-1: Foul Ball, location: 2F
0-2: Strikes out swinging
Top of the 6th over - 3 run(s), 2 hit(s), 1 error(s), 0 left on base; Spanish Fork HS 4 - Butler HS 6
BOTTOM OF THE 6TH
Butler HS Golden Tornado batting - Pitching for Spanish Fork HS : RHP Mike Fisher
Batting: RHB Jimmy Myers 0-0: Ball
1-0: Ball
2-0: Called Strike
2-1: Ball
3-1: Base on Balls
Batting: LHB Jon Rogers 0-0: Called Strike
0-1: Foul Ball, location: 2F
0-2: Ball
1-2: Ball
2-2: 2-RUN HOME RUN (Flyball, 89XD), Distance : 433 ft
Batting: LHB Joe Baker 0-0: Called Strike
0-1: Swinging Strike
0-2: Ball
1-2: Foul Ball, location: 2F
1-2: Foul Ball, location: 2F
1-2: Strikes out swinging
Batting: RHB Rafael Barajas 0-0: Ball
1-0: Swinging Strike
1-1: Ground out 5-3 (Groundball, 5S)
Batting: LHB Jérémie Rivard 0-0: Ball
1-0: Ground out 4-3 (Groundball, 34)
Bottom of the 6th over - 2 run(s), 1 hit(s), 0 error(s), 0 left on base; Spanish Fork HS 4 - Butler HS 8
TOP OF THE 7TH
Spanish Fork HS batting - Pitching for Butler HS Golden Tornado : RHP Alex Swain
Batting: RHB Mark Whiffen 0-0: Ball
1-0: Ball
2-0: Ball
3-0: Called Strike
3-1: Called Strike
3-2: Fly out, F8 (Flyball, 8LM)
Batting: RHB Ray Hernández 0-0: Ground out 6-3 (Groundball, 6)
Batting: RHB Javier Ortíz 0-0: Ball
1-0: Ball
2-0: Called Strike
2-1: Swinging Strike
2-2: Strikes out swinging
Top of the 7th over - 0 run(s), 0 hit(s), 0 error(s), 0 left on base; Spanish Fork HS 4 - Butler HS 8
BOTTOM OF THE 7TH
Butler HS Golden Tornado batting - Pitching for Spanish Fork HS : RHP Mike Fisher
Pitching: RHP Jessie Parker
Batting: RHB Derek Scott 0-0: Called Strike
0-1: Foul Ball, location: 2F
0-2: Ball
1-2: Ball
2-2: Ground out 6-3 (Groundball, 6)
Batting: SHB Bruce MacPherson 0-0: Called Strike
0-1: Ball
1-1: Foul Ball, location: 2F
1-2: Strikes out looking
Batting: RHB Christian Nash 0-0: Called Strike
0-1: Ball
1-1: Foul Ball, location: 2F
1-2: Foul Ball, location: 2F
1-2: Strikes out swinging
Bottom of the 7th over - 0 run(s), 0 hit(s), 0 error(s), 0 left on base; Spanish Fork HS 4 - Butler HS 8
TOP OF THE 8TH
Spanish Fork HS batting - Pitching for Butler HS Golden Tornado : RHP Alex Swain
Pitching: RHP Miguel Sotelo
Batting: RHB Steve Meyers 0-0: Ground out U3 (Groundball, 3L)
Batting: LHB Geoffrey Bird 0-0: Ball
1-0: Ball
2-0: Ground out 6-3 (Groundball, 6M)
Batting: LHB Zack Payton 0-0: Ball
1-0: Ball
2-0: Ball
3-0: Base on Balls
Batting: SHB Rafael Acosta 0-0: Swinging Strike
0-1: Ball
1-1: Swinging Strike
1-2: Ball
2-2: Strikes out swinging
Top of the 8th over - 0 run(s), 0 hit(s), 0 error(s), 1 left on base; Spanish Fork HS 4 - Butler HS 8
BOTTOM OF THE 8TH
Butler HS Golden Tornado batting - Pitching for Spanish Fork HS : RHP Jessie Parker
Batting: LHB Dave Reynolds 0-0: Called Strike
0-1: Called Strike
0-2: Ball
1-2: Strikes out swinging
Batting: RHB Jimmy Myers 0-0: SINGLE (Line Drive, 9LS)
Batting: LHB Jon Rogers 0-0: Ball
1-0: Ball
2-0: Called Strike
2-1: Grounds into double play, U6-3 (Groundball, 6M)
Bottom of the 8th over - 0 run(s), 1 hit(s), 0 error(s), 0 left on base; Spanish Fork HS 4 - Butler HS 8
TOP OF THE 9TH
Spanish Fork HS batting - Pitching for Butler HS Golden Tornado : RHP Miguel Sotelo
Pitching: RHP Jonathan Anderson
Batting: LHB Victor Stuart 0-0: Ball
1-0: Called Strike
1-1: Swinging Strike
1-2: Foul Ball, location: 2F
1-2: Ball
2-2: Strikes out swinging
Batting: LHB Mal Jiménez 0-0: Ball
1-0: SINGLE (Line Drive, 89S)
Batting: RHB Mark Whiffen 0-0: Foul Ball, location: 2F
0-1: Ball
1-1: Swinging Strike
1-2: Strikes out looking
Batting: RHB Ray Hernández 0-0: Fly out, F7 (Flyball, 78M)
Top of the 9th over - 0 run(s), 1 hit(s), 0 error(s), 1 left on base; Spanish Fork HS 4 - Butler HS 8
This league is powered by Out of the Park Baseball, the baseball management simulation game for PC, Mac and Linux
Wednesday, December 2nd, 2015 - OOTP Baseball 16.8 Build 38